 Dungeon Crawl Stone Soup version 0.29-a0-553-g81b289dbe5 (webtiles) character file.

Game seed: 4609141690759154302

306612 CryoSword the Severer (level 19, 0/149 (167) HPs)
             Began as a Ghoul Fighter on June 6, 2022.
             Was the Champion of Ru.
             Slain by Mennas
             ... wielding a +2 sacred scourge of holy wrath
              (5 damage)
             ... on level 4 of the Vaults.
             The game lasted 02:01:18 (48322 turns).

CryoSword the Severer (Ghoul Fighter)              Turns: 48322, Time: 02:01:18

HP:   0/149 (167)   AC: 44    Str: 33    XL:     19   Next: 16%
MP:   25/25         EV: 10    Int: 13    God:    Ru [******]
Gold: 492           SH: 21    Dex: 18    Spells: 21/28 levels left

rFire   + . .      SeeInvis .   w - +2 broad axe (vorpal)
rCold   + . .      Faith    .   h - +1 kite shield {rC+}
rNeg    + + +      Spirit   .   C - +8 orange crystal plate armour {Archmagi, Int+3 Clar}
rPois   ∞          Reflect  +   i - +2 helmet {Int+3}
rElec   .          Harm     .   V - +2 cloak {Will+}
rCorr   .          Rampage  .   P - +2 pair of gloves {Str+3}
Will    ++...      Archmagi +   k - +2 pair of boots of Compression {Will+}
Stlth   .......... Clarity  +   e - amulet of reflection
HPRegen 0.00/turn               D - ring "Ureurogh" {Wiz rF+ rC- Will- Dex+10}
MPRegen 0.19/turn               l - +6 ring of strength

@: mighty, inhibited regen, hasted, glowing, studying Transmutations, silenced,
heavily drained, unable to drink, very quick
A: claws 1, cold resistance 1, negative energy resistance 3, inhibited
regeneration, torment resistance 2, inability to drink while threatened, no
stealth, inability to use devices, hated by all, inexperienced 1, devour on kill
}: 2/15 runes: decaying, serpentine
a: Renounce Religion


You were on level 4 of the Vaults.
You worshipped Ru.
Ru was exalted by your worship.
You visited 7 branches of the dungeon, and saw 36 of its levels.
You also visited: Bailey, Gauntlet, Ice Cave and Volcano.

You collected 4351 gold pieces.
You spent 3859 gold pieces at shops.

Inventory:

Hand Weapons
 a - a +1 hand axe of flaming
   (You bought it in a shop on level 10 of the Dungeon)
 s - a +0 vampiric broad axe
   (You found it on level 6 of the Lair of Beasts)
 w - a +2 vorpal broad axe (weapon)
   (You took it off an orc warrior in a bailey)
Missiles
 j - 5 poisoned darts
 z - 10 curare-tipped darts
 B - 2 silver boomerangs
 Q - 5 throwing nets (quivered)
Armour
 h - a +1 kite shield of cold resistance (worn)
   (You found it in an ice cave)
 i - a +2 helmet of intelligence (worn)
   (You bought it in a shop on level 6 of the Dungeon)
 k - the +2 pair of boots of Compression (worn) {Will+}
   (You bought it in a shop on level 2 of the Orcish Mines)

   Will:      It increases your willpower.
 r - the +0 cloak of Tempters {rElec rF- rN+++ Slay+4}
   (You found it on level 3 of the Dungeon)

   Slay:      It affects your accuracy & damage with ranged weapons and melee
   (+4).
   rF:        It makes you vulnerable to fire.
   rElec:     It insulates you from electricity.
   rN:        It renders you almost immune to negative energy.
 C - the +8 orange crystal plate armour (worn) {Archmagi, Int+3 Clar}
   (You found it in an ice cave)

   Int:       It affects your intelligence (+3).
   Clar:      It protects you against confusion.
 P - a +2 pair of gloves of strength (worn)
   (You found it in a bailey)
 V - a +2 cloak of willpower (worn)
   (You found it on level 1 of the Orcish Mines)
Jewellery
 e - an amulet of reflection (around neck)
   (You found it on level 14 of the Dungeon)
 l - a +6 ring of strength (right hand)
   (You found it on level 2 of the Dungeon)
 n - a ring of willpower
   (You found it on level 3 of the Vaults)
 o - a ring of see invisible
   (You found it on level 6 of the Dungeon)
 u - a ring of magical power
   (You found it on level 8 of the Dungeon)
 y - a ring of willpower
   (You took it off a naga ritualist on level 4 of the Snake Pit)
 D - the ring "Ureurogh" (left hand) {Wiz rF+ rC- Will- Dex+10}
   (You found it on level 6 of the Lair of Beasts)

   [ring of wizardry]

   It improves your spell success rate.
   Dex:       It affects your dexterity (+10).
   rF:        It protects you from fire.
   rC:        It makes you vulnerable to cold.
   Will:      It decreases your willpower.
 G - a ring of protection from fire
   (You took it off a human on level 13 of the Dungeon)
 J - a ring of wizardry
   (You found it on level 3 of the Swamp)
 R - an amulet of magic regeneration
   (You took it off a human on level 13 of the Dungeon)
Scrolls
 b - 14 scrolls of teleportation {@r4}
 c - 6 scrolls of blinking
 g - 3 scrolls of torment
 m - 9 scrolls of magic mapping
 t - 4 scrolls of fear
 v - 4 scrolls of poison
 F - 10 scrolls of fog
 Y - 2 scrolls of silence
Potions
 d - 3 potions of cancellation
 f - 5 potions of brilliance
 p - 7 potions of resistance
 q - 11 potions of curing {@q1}
 x - 7 potions of ambrosia
 A - 10 potions of heal wounds {@q2}
 E - 3 potions of magic
 H - 4 potions of attraction {!q}
 I - 5 potions of flight
 M - 3 potions of invisibility
 N - 3 potions of haste {@q3}
 O - 5 potions of might


   Skills:
 * Level 14.0 Fighting
 - Level 13.8 Long Blades
 - Level 18.0 Axes
 * Level 12.4 Armour
 + Level 9.2 Dodging
 - Level 18.0 Shields
 - Level 5.0 Spellcasting
 * Level 6.6 Necromancy
 + Level 6.0 Translocations
 * Level 7.2 Earth Magic


You had 21 spell levels left.
You knew the following spells:

 Your Spells              Type           Power      Damage    Failure   Level
a - Borgnjor's Vile Clut  Necr/Erth      16%        N/A       94%         5
B - Blink                 Tloc           56%        N/A       22%         2

Your spell library contained the following spells:

 Spells                   Type           Power      Damage    Failure   Level
 Gell's Gravitas          Tloc           28%        N/A       41%         3
 Lesser Beckoning         Tloc           28%        N/A       41%         3
 Teleport Other           Tloc           28%        N/A       41%         3
 Ensorcelled Hibernation  Hex/Ice        8%         N/A       92%         2
 Lee's Rapid Deconstruct  Erth           16%        3d11*     92%         5
 Agony                    Necr           30%        N/A       95%         5
 Leda's Liquefaction      Hex/Erth       9%         N/A       98%         4
 Petrify                  Tmut/Erth      18%        N/A       98%         4
 Manifold Assault         Tloc           28%        N/A       98%         5
 Conjure Flame            Conj/Fire      4%         6-21      99%         3
 Ignite Poison            Fire/Tmut/Pois 4%         N/A       99%         3
 Mephitic Cloud           Conj/Pois/Air  4%         N/A       99%         3
 Ozocubu's Armour         Ice            4%         N/A       99%         3
 Corpse Rot               Necr/Pois/Air  13%        N/A       99%         4
 Iskenderun's Mystic Bla  Conj/Tloc      16%        2d5       99%         4
 Fulminant Prism          Conj/Hex       2%         3d6       100%        4
 Sticky Flame             Conj/Fire      4%         2d3       100%        4
 Freezing Cloud           Conj/Ice/Air   2%         6-21      100%        5
 Metabolic Englaciation   Hex/Ice        2%         N/A       100%        5
 Dispersal                Tloc           14%        N/A       100%        6
 Animate Dead             Necr           Unusable   N/A       N/A         4
 Beastly Appendage        Tmut           Unusable   N/A       N/A         1
 Wereblood                Tmut           Unusable   N/A       N/A         2
 Spider Form              Tmut/Pois      Unusable   N/A       N/A         3
 Summon Ice Beast         Ice/Summ       Unusable   N/A       N/A         4
 Summon Mana Viper        Hex/Summ       Unusable   N/A       N/A         5
 Death Channel            Necr           Unusable   N/A       N/A         6
 Statue Form              Tmut/Erth      Unusable   N/A       N/A         6
 Monstrous Menagerie      Summ           Unusable   N/A       N/A         7

Dungeon Overview and Level Annotations

Branches:
Dungeon (15/15)            Temple (1/1) D:5            Lair (6/6) D:8
  Swamp (4/4) Lair:4        Snake (4/4) Lair:4        Slime (0/5) Lair:6
    Orc (2/2) D:11            Elf (0/3) Orc:2        Vaults (4/5) D:13
  Crypt (0/3) Vaults:3     Depths (0/4) D:15         Bailey (visited)
  IceCv (visited)         Volcano (visited)         Gauntlet (visited)

Altars:
Ashenzari
Cheibriados
Dithmenos
Elyvilon
Fedhas
Gozag
Hepliaklqana
Kikubaaqudgha
Makhleb
Nemelex Xobeh
Okawaru
Qazlal
Ru
Sif Muna
Trog
Uskayaw
Vehumet
Wu Jian
Xom
Yredelemnul
Zin
The Shining One
Beogh
Jiyva

Shops:
D:2 (   D:6 [(   D:7 (   D:10 (**   D:12 =   D:15 (   Orc:2 *?[*
Snake:1 !=::*   Snake:4 :==   Vaults:1 !   Vaults:3 :

Annotations:
D:6 2 runed translucent doors, brujo666's ghost, novice MiMo
Lair:1 2 transporters
Vaults:4 Mennas
Vaults:5 !V5


Innate Abilities, Weirdness & Mutations

You are immune to poison.
You have sharp fingernails.
Your flesh is cold resistant. (rC+)
You are immune to negative energy. (rN+++)
You do not regenerate when monsters are visible.
You are immune to unholy pain and torment.
You sometimes lose the ability to drink potions when taking damage.
You cannot be stealthy.
You cannot study or use magical devices.
You are hated by all.
You are somewhat inexperienced. (-2 XL)
You thrive by killing the living.


Message History

Saint Roka mumbles some strange prayers to Beogh against you.
Beogh smites you!
* * * LOW HITPOINT WARNING * * *
You miss Mennas. You block Mennas's attack. x2
You hit Mennas. You block Mennas's attack. Mennas completely misses you.
You closely miss Mennas.
You redirect Mennas's attack!
Mennas falters for a moment.
You slice Mennas!! Mennas blocks your attack. You block Mennas's attack. x2
Mennas blocks your attack.
You redirect Mennas's attack!
Mennas closely misses you. Mennas hits you but does no damage.
Saint Roka calls down the wrath of Beogh upon you.
Beogh smites you!
* * * LOW HITPOINT WARNING * * *
Okay, then.
Mennas gestures frantically.
Mennas is healed somewhat.
Unknown command.
Saint Roka invokes the aid of Beogh against you.
Beogh smites you!
* * * LOW HITPOINT WARNING * * *
Mennas falters for a moment.
There is a large open door here.
You enter the shallow water.
Moving in this stuff is going to be slow.
Saint Roka mumbles some strange prayers to Beogh against you.
Beogh smites you!
* * * LOW HITPOINT WARNING * * *
Okay, then.
Blink to where?
As you read the scroll of blinking, it crumbles to dust.
There is an open door here.
You close the door.
Your extra speed is starting to run out.
You see here a +0 animal skin.
You open the door.
There is an open door, spattered with blood here.
Things that are here:
a +0 falchion; a +0 arbalest; a +0 ring mail
There is an open door here.
You feel yourself slow down.
You feel less exhausted.
There is a stone staircase leading up here.
You climb upwards.
There is a stone staircase leading down here.
You start resting.
You can drink potions again.
You start resting.
You feel a little less mighty now.
You start resting.
The sentinel's mark upon you fades away.
You start resting.
Unknown command.
You climb downwards.
Level annotation: Mennas; Saint Roka
There is a stone staircase leading up here.
There is an open door here.
Saint Roka shouts!
Saint Roka calls down the wrath of Beogh upon you.
Beogh smites you!
There is an open door, spattered with blood here.
You feel yourself speed up.
Saint Roka invokes the aid of Beogh against you.
Beogh smites you!
You feel very mighty all of a sudden.
As you read the scroll of torment, it crumbles to dust.
You feel a surge of unholy energy.
Saint Roka convulses!
Mennas convulses!
Saint Roka begins to pray, but is stunned by your conviction!
As you read the scroll of torment, it crumbles to dust.
You feel a surge of unholy energy.
Saint Roka convulses!
Mennas convulses!
Saint Roka calls down the wrath of Beogh upon you.
Beogh smites you!
Mennas gestures frantically.
You feel momentarily confused.
You see here a +0 animal skin.
You slash Saint Roka!
Mennas gestures frantically.
Mennas is healed somewhat.
Saint Roka hits you but does no damage.
You slice Saint Roka!!
You kill Saint Roka!
Your Translocations skill increases to level 6!
Mennas blocks your attack. Mennas blocks your attack.
Mennas hits you with a +2 sacred scourge of holy wrath!
You convulse!
You block Mennas's attack. Mennas blocks your attack.
Mennas begins to cast a spell, but is stunned by your conviction!
You slash Mennas! You block Mennas's attack. x2
Mennas blocks your attack.
Mennas is caught in a moment of prayer.
Mennas gestures frantically.
Mennas's surroundings become eerily quiet.
Okay, then.
Mennas blocks your attack. Mennas blocks your attack.
You block Mennas's attack. Mennas hits you but does no damage.
Mennas blocks your attack. You block Mennas's attack.
Mennas hits you but does no damage. Mennas blocks your attack.
Mennas is stunned by your conviction and fails to attack.
Mennas blocks your attack. Mennas blocks your attack.
You block Mennas's attack. Mennas hits you but does no damage.
Mennas blocks your attack. You block Mennas's attack. x2
Mennas blocks your attack.
Mennas hits you with a +2 sacred scourge of holy wrath!
You convulse!
* * * LOW HITPOINT WARNING * * *
You block Mennas's attack.
You slice Mennas!! You block Mennas's attack. x2
You hit Mennas. Mennas blocks your attack.
Mennas hits you with a +2 sacred scourge of holy wrath.
* * * LOW HITPOINT WARNING * * *
You convulse.
* * * LOW HITPOINT WARNING * * *
You block Mennas's attack.
An ironbound preserver comes into view. It is wielding a +0 great mace.
Unknown command.
You slash Mennas! You block Mennas's attack. x2
You completely miss Mennas.
You redirect the ironbound preserver's attack!
Mennas is stunned by your conviction and fails to attack.
You slash Mennas! You miss Mennas. Mennas barely misses you.
Mennas hits you with a +2 sacred scourge of holy wrath!
You feel threatened and lose the ability to drink potions!
* * * LOW HITPOINT WARNING * * *
You convulse!
* * * LOW HITPOINT WARNING * * *
The ironbound preserver begins to cast a spell, but is stunned by your conviction!
Mennas blocks your attack. Mennas barely misses you.
Mennas hits you but does no damage. Mennas blocks your attack.
Mennas hits you but does no damage. You block Mennas's attack.
You completely miss Mennas. You block Mennas's attack.
Mennas closely misses you.
The ironbound preserver begins to cast a spell, but is stunned by your conviction!
Mennas blocks your attack.
You barely miss Mennas.
Mennas hits you with a +2 sacred scourge of holy wrath!
* * * LOW HITPOINT WARNING * * *
You convulse!
* * * LOW HITPOINT WARNING * * *
Mennas hits you with a +2 sacred scourge of holy wrath!
* * * LOW HITPOINT WARNING * * *
You convulse.
You die...

#.......# ######### #.....!.#
#.......# #####+#####
#.......#
########.........####.÷.....#
#...#..#.####+##p#..#....<..#
##..#..#.#.....#.#.['.......#
≈'.)'..#.#.....#.#..#.......#
≈'..#).+)#.....#)'..#.......#
##..#..#.#.....#@#..#########
#...#).#.#.....#A#..#
#####..#.###+###.#..#
####.........#### #####+#####


You could see Mennas (silencing) and an ironbound preserver.

Vanquished Creatures
  Bai Suzhen (Snake:4)
  Saint Roka (Vaults:4)
  The ghost of MrShunz the Slayer, an adept MiBe of Trog (Vaults:2)
  The ghost of blade888 the Gelid, an adept OpEE of Gozag (Swamp:4)
  A titan (Vaults:3)
  6 sphinxes
  2 tengu reavers
  3 nagarajas
  A fire giant (Vaults:2)
  5 vault wardens
  Roxanne (Swamp:3)
  2 orc warlords
  Aizul (Vaults:4)
  8 ironbound preservers
  4 very ugly things
  A war gargoyle (Vaults:3)
  A ghoul (Swamp:4)
  The ghost of Bruhh the Basher, a journeyman GrFi of Fedhas (Orc:1)
  5 ironbound thunderhulks
  A vampire knight (Vaults:3)
  4 eleionomae
  3 bunyips
  16 dire elephants
  A minotaur (Gauntlet)
  2 entropy weavers
  A deep elf high priest (Vaults:2)
  Josephine (D:13)
  7 yaktaur captains
  A blizzard demon (Gauntlet)
  2 shambling mangroves (Swamp:4)
  5 great orbs of eyes
  6 vault guards
  2 salamander tyrants (Snake:4)
  A peacekeeper (Vaults:3)
  Erolcha (D:10)
  19 anacondas
  7 boulder beetles
  24 hydras
  18 centaur warriors
  5 ironbound frosthearts
  A merfolk avatar (Lair:6)
  A catoblepas (D:15)
  2 ghost crabs
  A dancing weapon (Volcano)
  4 alligators
  4 two-headed ogres
  Urug (D:13)
  A spriggan berserker (Swamp:4)
  13 naga warriors
  A deep troll earth mage (Vaults:2)
  11 naga sharpshooters
  3 spriggans
  6 salamander mystics
  Sonja (Lair:5)
  A fire crab (Gauntlet)
  13 shock serpents
  A fire crab (shapeshifter) (D:15)
  A storm dragon zombie (D:15)
  7 sea snakes
  2 goliath frogs
  3 skeletal warriors
  2 flayed ghosts
  25 deep trolls
  9 naga ritualists
  A death drake (Swamp:4)
  A spriggan druid (Swamp:2)
  9 bog bodies
  2 phantasmal warriors (Vaults:3)
  4 orc knights
  10 wizards
  6 harpies
  20 swamp dragons
  6 lindwurms
  10 ironbound convokers
  A tengu zombie (D:15)
  3 necromancers
  An orc sorcerer (Bailey)
  A deep elf pyromancer (D:14)
  12 mana vipers
  20 salamanders
  2 manticores
  An oklob plant (Lair:3)
  A wolf spider (D:15)
  5 will-o-the-wisps
  2 cyclopes
  21 ugly things
  A sphinx skeleton (D:15)
  An ice statue (IceCv)
  A frost giant skeleton (D:15)
  5 toenail golems (Volcano)
  21 elephants
  15 naga magi
  A rust devil (Gauntlet)
  49 black mambas
  11 vault sentinels
  7 guardian serpents
  A cane toad (shapeshifter) (D:14)
  13 cane toads
  An unseen horror (D:11)
  6 komodo dragons
  2 kobold demonologists
  4 entropy weaver simulacra (IceCv)
  8 rime drakes
  3 freezing wraiths (IceCv)
  20 yaktaurs
  14 ice devils (IceCv)
  7 tyrant leeches
  8 trolls
  5 polar bears
  21 blink frogs
  9 hornets
  27 slime creatures
  A tarantella (Vaults:1)
  7 dream sheep (Lair:4)
  2 shadows (D:10)
  Sigmund (D:3)
  2 vampires
  A ynoxinul (Gauntlet)
  2 water elementals
  2 dire elephant simulacra (IceCv)
  43 yaks
  6 wraiths
  20 humans (D:13)
  7 wyverns
  Eustachio (D:5)
  3 steam dragons
  13 basilisks
  3 fire bats (Gauntlet)
  5 death yak simulacra (IceCv)
  2 redbacks (Vaults:1)
  10 vampire mosquitoes
  13 swamp worms
  Menkaure (D:5)
  8 wargs
  28 nagas
  22 water moccasins
  9 swamp drakes
  2 black bears
  2 hell hounds (Lair:1)
  63 orc warriors
  2 sky beasts
  13 ogres
  24 centaurs
  13 wolves
  4 kobold brigands
  A phantom (D:5)
  A spectral cyclops (Orc:1)
  A gnoll sergeant (Orc:1)
  15 bullfrogs
  6 necrophages
  4 scorpions
  6 cane toad simulacra (IceCv)
  A two-headed ogre simulacrum (IceCv)
  15 wights
  2 spectral ogres (Orc:1)
  3 elephant simulacra (IceCv)
  5 killer bees (D:9)
  8 howler monkeys
  18 electric eels
  4 hounds
  2 gnoll shamans
  28 orc priests
  3 jellies
  2 iron imps (Gauntlet)
  Crazy Yiuf (D:5)
  6 iguanas
  26 orc wizards
  Natasha (D:3)
  7 hell rats (Lair:4)
  2 troll simulacra
  3 spriggan simulacra
  2 wolf simulacra (IceCv)
  4 polar bear simulacra (IceCv)
  2 centaur simulacra
  Robin (D:2)
  18 gnolls
  A spectral orc (Orc:1)
  A naga simulacrum (D:11)
  6 adders
  5 white imps
  2 ufetubi
  3 orc simulacra (Orc:1)
  4 dart slugs
  103 orcs
  3 bats (D:1)
  8 endoplasms
  2 giant cockroaches
  27 goblins
  15 hobgoblins
  15 jackals
  4 quokkas
  4 ball pythons
  4 frilled lizards
  14 kobolds
  4 rats
1445 creatures vanquished.

Vanquished Creatures (others)
  2 vault wardens
  3 ironbound preservers
  An ironbound thunderhulk (Vaults:2)
  An eleionoma (Swamp:1)
  A hydra (Lair:6)
  An anaconda (Snake:1)
  2 alligators
  A naga sharpshooter (Snake:4)
  A shock serpent (Snake:1)
  A goliath frog (Swamp:1)
  2 deep trolls
  2 bog bodies
  A salamander (Snake:4)
  A guardian serpent (Snake:4)
  A vault sentinel (Vaults:2)
  2 black mambas
  A gargoyle (D:10)
  A rime drake (Lair:4)
  4 bloated husks
  A polar bear (Lair:5)
  A yak (Lair:5)
  3 vampire mosquitoes (Swamp:1)
  2 swamp worms
  An orc warrior (Orc:2)
  2 centaurs
  A bullfrog (D:9)
  An orc wizard (Orc:1)
  4 orcs (Orc:2)
  20 foxfires
  26 fungi
  100 plants
  2 withered plants (D:15)
193 creatures vanquished.

Grand Total: 1638 creatures vanquished

Notes
Turn   | Place    | Note
-------+----------+-------------------------------------------
     0 | D:1      | CryoSword the Ghoul Fighter began the quest for the Orb.
     0 | D:1      | Reached XP level 1. HP: 19/19 MP: 0/0
   152 | D:1      | Reached XP level 2. HP: 26/26 MP: 1/1
   565 | D:1      | Reached XP level 3. HP: 31/31 MP: 2/2
   707 | D:1      | Found a faded altar of an unknown god.
   864 | D:2      | Found Beisel's Magic Scroll Shop.
  1072 | D:2      | Bought a scroll of enchant armour for 82 gold pieces
  1072 | D:2      | Bought a scroll of identify for 22 gold pieces
  1104 | D:2      | Reached XP level 4. HP: 38/38 MP: 3/3
  1183 | D:2      | Found Gentud's Antique Weapon Boutique.
  1247 | D:2      | Noticed Robin
  1256 | D:2      | Killed Robin
  1564 | D:3      | You fall into a shaft and drop 1 floor!
  1582 | D:4      | Noticed a necrophage
  1695 | D:3      | Reached XP level 5. HP: 45/45 MP: 4/4
  1698 | D:3      | Identified the +0 cloak of Tempters {rElec rF- rN+++
                  | Slay+4}
  1782 | D:3      | Noticed Natasha
  1793 | D:3      | Killed Natasha
  2065 | D:3      | Noticed Sigmund
  2072 | D:3      | Killed Sigmund
  2073 | D:3      | Reached XP level 6. HP: 35/51 MP: 5/5
  2109 | D:2      | Bought a scroll of magic mapping for 38 gold pieces
  2176 | D:2      | Identified the +7 hunting sling "Nutiof" {flame, Str+4}
  2350 | D:4      | Reached skill level 5 in Shields
  2402 | D:4      | Identified the +4 war axe of Painful Death {vorpal, rF++
                  | Will+ Str+4 Stlth-}
  2473 | D:4      | Reached skill level 5 in Axes
  2473 | D:4      | Reached XP level 7. HP: 34/57 MP: 6/6
  2691 | D:4      | HP: 2/57 [orc priest/divine providence (12)]
  3042 | D:2      | Bought a scroll of teleportation for 33 gold pieces
  3380 | D:5      | Entered Level 5 of the Dungeon
  3386 | D:5      | Reached XP level 8. HP: 63/63 MP: 7/7
  3438 | D:5      | Noticed Menkaure
  3450 | D:5      | Killed Menkaure
  3588 | D:5      | Found a shimmering altar of Xom.
  3593 | D:5      | Noticed Eustachio
  3603 | D:5      | Killed Eustachio
  3624 | D:5      | Found a staircase to the Ecumenical Temple.
  3631 | Temple   | Entered the Ecumenical Temple
  3948 | Temple   | Became a worshipper of Ru the Awakened
  4521 | D:5      | Found a runed translucent door.
  4522 | D:5      | Noticed Crazy Yiuf
  4528 | D:5      | Killed Crazy Yiuf
  4654 | D:6      | Reached XP level 9. HP: 63/70 MP: 8/8
  4850 | D:6      | Found a runed translucent door.
  5192 | D:6      | Found Afoziz's Antique Weapon Shop.
  5251 | D:6      | Found Kij Qear's Antique Armour Shop.
  5368 | D:6      | Gained mutation: You cannot study or use magical devices.
                  | [Ru sacrifice]
  5368 | D:6      | Reached * piety under Ru
  5368 | D:6      | Reached ** piety under Ru
  5383 | D:6      | Found a runed translucent door.
  5386 | D:6      | Noticed brujo666's ghost (novice MiMo)
  6014 | D:7      | Noticed a hornet
  6018 | D:7      | Killed a hornet
  6066 | D:7      | Found Qaigey's Antique Weapon Shoppe.
  6111 | D:7      | Reached skill level 10 in Shields
  6292 | D:7      | Noticed a hornet
  6302 | D:7      | Killed a hornet
  6508 | D:8      | Reached XP level 10. HP: 71/77 MP: 9/9
  6546 | D:8      | Reached skill level 1 in Dodging
  6548 | D:8      | Noticed a cyclops
  6559 | D:8      | Killed a cyclops
  6757 | D:8      | Found a staircase to the Lair.
  7138 | D:2      | Bought a scroll of enchant armour for 82 gold pieces
  7138 | D:2      | Bought a scroll of identify for 22 gold pieces
  7335 | D:8      | Identified the +8 chain mail of Jicoqeg {rCorr Str+3}
  8192 | D:9      | Found the +10 Black Knight's barding {ponderous, rPois rN+}
  8431 | D:9      | Reached skill level 5 in Fighting
  8704 | D:9      | Reached XP level 11. HP: 86/88 MP: 10/10
  8733 | D:9      | Noticed a boulder beetle
  8750 | D:9      | Killed a boulder beetle
  8949 | D:9      | Noticed a two-headed ogre
  8978 | D:9      | Killed a two-headed ogre
  9175 | D:10     | Entered Level 10 of the Dungeon
  9215 | D:10     | Found Esiynt's Antique Weapon Emporium.
  9218 | D:10     | Found Okioxta's General Store.
  9231 | D:10     | Noticed a two-headed ogre
  9240 | D:10     | Killed a two-headed ogre
  9251 | D:10     | Noticed Erolcha
  9261 | D:10     | Killed Erolcha
  9292 | D:10     | Found a flagged portal.
  9297 | Bailey   | Entered a bailey
  9379 | Bailey   | Reached skill level 5 in Armour
  9432 | Bailey   | Noticed an orc knight
  9436 | Bailey   | Noticed an orc sorcerer
  9437 | Bailey   | Reached skill level 10 in Axes
  9443 | Bailey   | Killed an orc knight
  9448 | Bailey   | Noticed a sun demon
  9448 | Bailey   | Killed an orc sorcerer
  9578 | Bailey   | Acquired the +2 helmet of Fortification {rN+ Regen+ Int-4
                  | Dex+6}
  9791 | Bailey   | Found an iron altar of Okawaru.
  9791 | Bailey   | Noticed an orc knight
  9799 | Bailey   | Killed an orc knight
  9804 | Bailey   | Reached XP level 12. HP: 97/97 MP: 11/11
  9831 | Bailey   | Identified the +3 war axe of the Wizarding Jester {venom,
                  | rC+ rN+ Will+ Int-4}
  9858 | Bailey   | Identified the +5 ring mail "Xanecy" {rC- Will+ Str+2}
 10303 | D:10     | Found Hufy Jav's General Store.
 10841 | D:11     | Found a frozen archway.
 10863 | IceCv    | Entered an ice cave
 11723 | IceCv    | Reached skill level 5 in Dodging
 11927 | IceCv    | Got Vac Ocilisee's Reference Book on the Snowflakes and
                  | Sinister Secrets
 11995 | IceCv    | Found an ancient bone altar of Kikubaaqudgha.
 12388 | IceCv    | Found the +8 orange crystal plate armour {Archmagi, Int+3
                  | Clar}
 12640 | D:6      | Bought a shiny helmet for 217 gold pieces
 13079 | D:11     | Found a staircase to the Orcish Mines.
 13578 | D:11     | Gained mutation: You are hated by all. [Ru sacrifice]
 13578 | D:11     | Reached *** piety under Ru
 13669 | D:10     | Bought a +1 hand axe of flaming for 161 gold pieces
 13752 | Lair:1   | Entered Level 1 of the Lair of Beasts
 13838 | Lair:1   | Found a dark tunnel.
 13844 | Lair:1   | Reached XP level 13. HP: 105/107 MP: 12/12
 13849 | Volcano  | Entered a volcano
 13884 | Volcano  | Reached skill level 1 in Spellcasting
 14211 | Lair:1   | Found a transporter.
 14264 | Lair:1   | Found a transporter.
 15487 | Lair:2   | Gained mutation: You sometimes lose the ability to drink
                  | potions when taking damage. [Ru sacrifice]
 15487 | Lair:2   | Reached **** piety under Ru
 16787 | D:2      | Bought a scroll of enchant weapon for 82 gold pieces
 16787 | D:2      | Bought a scroll of brand weapon for 220 gold pieces
 16982 | Lair:4   | Reached XP level 14. HP: 114/116 MP: 17/17
 17049 | Lair:4   | Found a gate leading to a gauntlet.
 17058 | Gauntlet | Entered a Gauntlet
 17058 | Gauntlet | Found the +7 Singing Sword {vorpal, sonic wave}
 17058 | Gauntlet | Found a transporter.
 17058 | Gauntlet | Found a transporter.
 17058 | Gauntlet | Found a transporter.
 17059 | Gauntlet | Found a transporter.
 17060 | Gauntlet | Found a transporter.
 17063 | Gauntlet | Found a transporter.
 17067 | Gauntlet | Found a runed translucent door.
 17067 | Gauntlet | Found a runed translucent door.
 17071 | Gauntlet | Found a transporter.
 17072 | Gauntlet | Found a transporter.
 17073 | Gauntlet | Found a transporter.
 17074 | Gauntlet | Found a transporter.
 17086 | Gauntlet | Found a transporter.
 17092 | Gauntlet | Found a runed translucent door.
 17179 | Gauntlet | Found a transporter.
 17355 | Gauntlet | Identified the +0 hat of the Doldrums {rC+ Slay+3}
 17492 | Gauntlet | Found the +3 Mad Mage's Maulers {Infuse+∞ RegenMP Int-3}
 17505 | Gauntlet | Identified the +3 ring mail of Intuition {Int+3}
 17505 | Gauntlet | Identified the +5 trident of Imbalance {vorpal, rCorr}
 17545 | Lair:4   | Reached skill level 1 in Long Blades
 17768 | D:2      | Bought a scroll of vulnerability for 82 gold pieces
 17768 | D:2      | Bought a scroll of torment for 82 gold pieces
 18081 | Lair:4   | Found a staircase to the Snake Pit.
 18228 | Lair:4   | Gained mutation: You cannot be stealthy. [Ru sacrifice]
 18228 | Lair:4   | Reached ***** piety under Ru
 18537 | Lair:4   | Reached skill level 5 in Long Blades
 18771 | Lair:4   | Found a staircase to the Swamp.
 19355 | Lair:5   | Noticed Sonja
 19367 | Lair:5   | Killed Sonja
 19542 | Lair:5   | Identified the +5 quarterstaff of Ytoffad {vorpal, rC+ rN+
                  | Dex+3}
 20208 | Lair:6   | Entered Level 6 of the Lair of Beasts
 20227 | Lair:5   | Gained mutation: You are somewhat inexperienced. (-2 XL)
                  | [Ru sacrifice]
 20227 | Lair:5   | Reached XP level 13. HP: 111/111 MP: 25/25
 20227 | Lair:5   | Reached XP level 12. HP: 104/104 MP: 24/24
 20227 | Lair:5   | Reached ****** piety under Ru
 20398 | Lair:6   | Reached XP level 13. HP: 94/111 MP: 16/16
 20515 | Lair:6   | Identified the ring "Ureurogh" {Wiz rF+ rC- Will- Dex+10}
 20590 | Lair:6   | Reached skill level 10 in Long Blades
 21258 | Lair:6   | Found a staircase to the Slime Pits.
 21518 | Lair:6   | Identified the +3 leather armour of Entitlement {*Slow rC+
                  | Int+4}
 22164 | Orc:1    | Entered Level 1 of the Orcish Mines
 22316 | D:12     | Found Giusaif's Jewellery Emporium.
 23030 | D:13     | Noticed Urug
 23036 | D:13     | Killed Urug
 23290 | D:13     | Noticed Josephine
 23299 | D:13     | Killed Josephine
 24000 | D:13     | Found a gate to the Vaults.
 24208 | D:14     | Found a broken altar of Ashenzari.
 24678 | D:14     | Reached XP level 14. HP: 105/118 MP: 1/17
 26664 | D:15     | Entered Level 15 of the Dungeon
 27050 | D:15     | Found Qehomubip's Antique Weapon Shoppe.
 27722 | D:15     | Found a staircase to the Depths.
 27797 | D:15     | Found a bloodstained altar of Trog.
 28365 | Orc:1    | Found a runed translucent gate.
 28367 | Orc:1    | Found a runed translucent gate.
 28368 | Orc:1    | Found a runed translucent gate.
 28369 | Orc:1    | Noticed Bruhh's ghost (journeyman GrFi)
 28448 | Orc:1    | Killed Bruhh's ghost
 29057 | Orc:2    | Entered Level 2 of the Orcish Mines
 29918 | Orc:2    | Found a staircase to the Elven Halls.
 30111 | Orc:2    | Reached skill level 15 in Axes
 30123 | Orc:2    | Found Ymigut's Armour Shop.
 30123 | Orc:2    | Found Ceken's Magic Scroll Emporium.
 30357 | Orc:2    | Found Zaugg's General Store.
 30359 | Orc:2    | Found Uskenoh's Assorted Antiques.
 30371 | Orc:2    | Bought a scroll labelled SIROAPN QABEKH for 26 gold pieces
 30371 | Orc:2    | Bought a scroll of teleportation for 78 gold pieces
 30371 | Orc:2    | Bought a scroll of fog for 52 gold pieces
 30516 | Orc:2    | Bought a pair of bloodstained boots for 247 gold pieces
 30516 | Orc:2    | Identified the +2 pair of boots of Compression {Will+} (You
                  | bought it in a shop on level 2 of the Orcish Mines)
 30529 | Orc:2    | Bought a scroll of acquirement for 676 gold pieces
 30529 | Orc:2    | Bought a scroll of magic mapping for 45 gold pieces
 30529 | Orc:2    | Bought a scroll of torment for 97 gold pieces
 30529 | Orc:2    | Acquired a manual of Shields
 30832 | Snake:1  | Entered Level 1 of the Snake Pit
 31282 | Snake:1  | Found Fysuoxom's Book Shoppe.
 31312 | Snake:1  | Found Ihilis Xowi's Assorted Antiques.
 31530 | Snake:1  | Found Puyli Timm's Distillery.
 31538 | Snake:1  | Found Viamoec's Jewellery Shoppe.
 31546 | Snake:1  | Reached XP level 15. HP: 124/124 MP: 2/18
 31692 | Snake:1  | Found Juduche's Book Emporium.
 31713 | Snake:1  | HP: 3/124 [naga warrior/+0 scimitar (25)]
 32139 | Snake:1  | HP: 1/124 [naga warrior/+0 scimitar (34)]
 33049 | Snake:2  | Reached skill level 15 in Shields
 35049 | Snake:3  | Found an iron altar of Okawaru.
 35148 | Snake:4  | Entered Level 4 of the Snake Pit
 35370 | Snake:4  | Reached XP level 16. HP: 132/132 MP: 19/19
 35536 | Snake:4  | Noticed Bai Suzhen
 35551 | Snake:4  | Killed Bai Suzhen
 35975 | D:6      | Bought a pair of slimy gloves for 275 gold pieces
 35975 | D:6      | Identified the +1 pair of gloves "Ixewa" {+Inv rC+} (You
                  | bought it in a shop on level 6 of the Dungeon)
 36417 | Snake:4  | Found Luzy's Jewellery Shop.
 36419 | Snake:4  | Found Viquf's Book Shoppe.
 36420 | Snake:4  | Found Diojaxt's Jewellery Shop.
 37009 | Snake:4  | Reached skill level 10 in Fighting
 37013 | Snake:4  | Got a serpentine rune of Zot
 37295 | Swamp:1  | Entered Level 1 of the Swamp
 37305 | Swamp:1  | Learned a level 2 spell: Blink
 37541 | Swamp:1  | Reached skill level 1 in Translocations
 39121 | Swamp:3  | Reached XP level 17. HP: 134/143 MP: 21/21
 39605 | Swamp:3  | Noticed Roxanne
 39848 | Swamp:3  | Killed Roxanne
 39899 | Swamp:4  | Entered Level 4 of the Swamp
 39910 | Swamp:4  | Reached skill level 10 in Armour
 40128 | Swamp:4  | Found a runed translucent gate.
 40128 | Swamp:4  | Found a runed translucent gate.
 40128 | Swamp:4  | Found a runed translucent gate.
 40130 | Swamp:4  | Noticed blade888's ghost (adept OpEE)
 40147 | Swamp:4  | Killed blade888's ghost
 40998 | Swamp:4  | Got a decaying rune of Zot
 41389 | Vaults:1 | Entered Level 1 of the Vaults
 41915 | Vaults:1 | Reached skill level 5 in Spellcasting
 42195 | Vaults:1 | Found Secwekk's Distillery.
 42221 | Vaults:1 | Bought a potion of invisibility for 96 gold pieces
 42385 | D:10     | Bought a scroll of acquirement for 676 gold pieces
 42385 | D:10     | Acquired 700 gold pieces
 42613 | Snake:1  | Bought a book of Unlife for 468 gold pieces
 42619 | Snake:1  | Learned a level 5 spell: Borgnjor's Vile Clutch
 43048 | Vaults:1 | Reached skill level 1 in Earth Magic
 43263 | Vaults:1 | Reached skill level 1 in Necromancy
 44063 | Vaults:2 | Reached XP level 18. HP: 124/148 MP: 16/24
 44214 | Vaults:2 | Found a runed translucent door.
 44214 | Vaults:2 | Noticed MrShunz's ghost (adept MiBe)
 44216 | Vaults:2 | Found the macabre finger necklace {rN+}
 44256 | Vaults:2 | Killed MrShunz's ghost
 45699 | Vaults:3 | Reached skill level 5 in Translocations
 45883 | Vaults:3 | Reached skill level 5 in Earth Magic
 45942 | Vaults:3 | Reached skill level 5 in Necromancy
 46736 | Vaults:3 | Found a staircase to the Crypt.
 46750 | Vaults:3 | Paralysed by a vampire knight for 4 turns
 47437 | Vaults:3 | Reached XP level 19. HP: 166/166 MP: 25/25
 47476 | Vaults:3 | Found Xyijokuc's Book Emporium.
 47633 | Vaults:4 | Noticed Aizul
 47650 | Vaults:4 | Killed Aizul
 47792 | Vaults:4 | Noticed Saint Roka
 47831 | Vaults:4 | Noticed Mennas
 48297 | Vaults:4 | Killed Saint Roka
 48322 | Vaults:4 | HP: 5/149 [Mennas/+2 sacred scourge of holy wrath (14)]
 48322 | Vaults:4 | Slain by Mennas

Illustrated notes

Levels and vault maps discovered:
D:1:      nicolae_arrival_memento_mori, layout_loops_ring,
          shapermc_ecumenical_altar_acropolis, minmay_heptomino_d4
D:2:      layout_loops_ring, serial_shops, nicolae_square_shop, shop, uniq_robin
D:3:      layout_loops_ring, uniq_sigmund, uniq_natasha
D:4:      layout_loops_ring
D:5:      layout_basic, mainiacjoe_overflow_alcove_1, temple_statues,
          uniq_menkaure, uniq_eustachio, uniq_crazy_yiuf_cottage
D:6:      layout_loops_ring, serial_shops, shop_statue,
          nicolae_shop_hallway_plus, ebering_ghost_sewer_f
D:7:      layout_loops_ring, serial_shops, shop, minmay_quadrilaterals
D:8:      kennysheep_steamy, layout_basic, lair_entry_dummy,
          david_defended_altar_orc
D:9:      kennysheep_windowed_halls, layout_basic, serial_bayou_lagoon_a,
          nicolae_straight_to_the_point
D:10:     layout_rooms, serial_shops, nicolae_stop_n_shop_2, shop, shop,
          enter_bailey_3, uniq_erolcha
D:11:     layout_gridville, minmay_orc_entry_guard_dogs,
          portal_ice_cave_entry_ice_simulacra, minmay_variable_closet,
          hangedman_abyss_or_decor_stagger, dk_vineyard_3, minivault_23,
          serial_bayou_pond_a, minivault_24
D:12:     layout_basic, serial_shops, shop, nicolae_water_bricks
D:13:     layout_loops_ring, grunt_vaults_entry_tiered, uniq_urug,
          uniq_josephine
D:14:     layout_irregular_city, nicolae_ashenzari_skybound, minmay_puff
D:15:     gammafunk_depths_entry_grave, layout_basic, serial_shops,
          nicolae_shop_advertising_works [nicolae_subvault_shop_adworks],
          grunt_ministairs_13, trog_hazing_becter
Temple:   mainiacjoe_temple_circle_huts
Lair:1:   gammafunk_worm_tunnel, layout_long_grid, enter_volcano_3,
          chequers_serial_rivers_micro_c
Lair:2:   layout_loops_ring, grunt_megastairs_5
Lair:3:   layout_roguey, grunt_megastairs_4, infiniplex_staircase_pool
Lair:4:   layout_layer_cave, palyth_hydra_swamp_entry,
          minmay_snake_entry_six_corridors, special_room
          [special_room_mythical_zoo], gauntlet_entry_generic
Lair:5:   layout_cave_pods, uniq_sonja
Lair:6:   gammafunk_lair_ancient_temple, layout_cave_shapes, slime_altar_1,
          grunt_megastairs_3
Swamp:1:  layout_basic_swamp, evilmike_swamp_ruin_rubble_2
Swamp:2:  layout_basic_swamp, evilmike_swamp_ruin_house_5, swamp_pool1
Swamp:3:  layout_basic_swamp, nicolae_swamp_very_dense_foliage, swamp_pool3,
          st_swamp_ruins_4, infiniplex_staircase_pool_2, uniq_roxanne
Swamp:4:  swamp_basic_johnstein, layout_basic_swamp, ebering_ghost_rock_garden
Snake:1:  layout_misc_corridors, serial_shops, nicolae_diamond_shop,
          nicolae_shop_statue_plus, shop, shop, nicolae_square_shop,
          serial_bayou_shore_a
Snake:2:  layout_misc_corridors, serial_bayou_lagoon_b
Snake:3:  layout_grid_maze, basic_altar
Snake:4:  snake_pit_salamanders_mu, layout_cave_shapes, chequers_hall_statues_y,
          minmay_shop_grove, uniq_bai_suzhen
Orc:1:    cheibrodos_orc_arena, layout_caves, gammafunk_ghost_necromancy
Orc:2:    st_orc_rangers, layout_diamond_mine, basic_altar, mines2_david
Vaults:1: vaults_standard_mumra_enter_the_diamond,
          nicolae_vaults_network_quincunx
          [nicolae_vaults_network_quincunx_subvault,
          nicolae_vaults_network_quincunx_subvault,
          nicolae_vaults_network_quincunx_subvault,
          nicolae_vaults_network_quincunx_subvault,
          nicolae_vaults_network_quincunx_subvault], ontoclasm_vaults_shuriken,
          grunt_vaults_hallway_long, vaults_room_semicircle,
          layout_vaults_chaotic_city, serial_shops, nicolae_shop_hallway_plus
Vaults:2: ebering_ghost_reflecting_pool, hangedman_vaults_restitches, v_misc_26,
          hangedman_vaults_capsules, ontoclasm_vaults_ligature,
          vaults_room_semicircle, nicolae_vaults_border_crossing,
          vaults_dpeg_encased_lava, st_cross, layout_vaults_omnigrid
Vaults:3: v_misc_15, minmay_crypt_entry_simple_round, st_octagons_1,
          vaults_room_semicircle, hangedman_vaults_slice,
          ontoclasm_vaults_loading_screen, nicolae_vaults_diagonal_hallway_8,
          dpeg_vaults_monster_box, nicolae_vaults_specimen_jars, v_rooms_5,
          nicolae_vaults_network_periphery, v_misc_24, dpeg_vaults_monster_row,
          layout_vaults_big_cross, serial_shops, shop
Vaults:4: hangedman_vaults_unwind, ontoclasm_vaults_decontamination,
          vaults_mumra_minichess, vaults_room_boxed, vaults_mumra_chevron_long,
          nicolae_vaults_windows_and_doors_thing, v_alt_pattern_6,
          grunt_vaults_twisty, nicolae_vaults_little_squares_5,
          ontoclasm_vaults_bender, layout_vaults_maze, uniq_saint_roka,
          uniq_aizul, uniq_mennas

Skill      XL: |  1  2  3  4  5  6  7  8  9 10 11 12 13 14 15 16 17 18 19 |
---------------+----------------------------------------------------------+-----
Axes           | 2 3 4 5 6 8 9 10 11 12 15 17 18 | 18.0
Shields        | 3 4 5 6 8 10 11 12 13 14 16 18 | 18.0
Armour         | 4 5 6 8 9 11 12 | 12.4
Dodging        | 3 4 7 6 8 9 |  9.2
Fighting       | 5 6 7 8 9 10 12 13 14 | 14.0
Spellcasting   | 2 3 5 |  5.0
Long Blades    | 9 13 7 | 13.8
Translocations | 2 4 5 6 |  6.0
Earth Magic    | 3 6 7 |  7.2
Necromancy     | 2 6 |  6.6

Action                   |  1- 3 |  4- 6 |  7- 9 | 10-12 | 13-15 | 16-18 | 19-21 || total
-------------------------+-------+-------+-------+-------+-------+-------+-------++-------
Melee: War axe           |   132 |   124 |   180 |   565 |   701 |       |       ||  1702
       Hand axe          |       |       |       |     4 |    34 |    92 |       ||   130
       Double sword      |       |       |       |       |    91 |       |       ||    91
       Broad axe         |       |       |       |       |   868 |  1468 |   189 ||  2525
Throw: Dart              |       |       |       |     2 |       |       |       ||     2
Invok: Sacrifice Artific |       |       |     1 |       |       |       |       ||     1
       Reject Sacrifices |       |       |       |     1 |       |       |       ||     1
       Power Leap        |       |       |       |     1 |     3 |     1 |       ||     5
       Sacrifice Love    |       |       |       |     1 |       |       |       ||     1
       Sacrifice Experie |       |       |       |     1 |       |       |       ||     1
       Apocalypse        |       |       |       |       |     1 |     4 |     1 ||     6
       Sacrifice Drink   |       |       |       |       |     1 |       |       ||     1
       Sacrifice Stealth |       |       |       |       |     1 |       |       ||     1
       Draw Out Power    |       |       |       |       |       |     2 |       ||     2
  Use: Scroll            |     3 |     1 |     3 |     4 |    24 |     2 |     3 ||    40
       Potion            |       |     3 |       |     3 |       |       |     4 ||    10
 Stab: Distracted        |       |       |       |     2 |    14 |    13 |       ||    29
       Invisible         |       |       |       |     1 |     7 |    16 |       ||    24
       Paralysed         |       |       |       |     2 |    14 |    17 |       ||    33
       Petrified         |       |       |       |       |     5 |       |       ||     5
Armor: Scale mail        |    78 |    25 |       |       |       |       |       ||   103
       Animal skin       |       |    38 |    71 |     9 |       |       |       ||   118
       Chain mail        |       |       |       |   200 |       |       |       ||   200
       Crystal plate arm |       |       |       |   133 |  1070 |   655 |    44 ||  1902
Dodge: Dodged            |    64 |    35 |    45 |   140 |   324 |   284 |    24 ||   916
Block: Buckler           |    35 |       |       |       |       |       |       ||    35
       Tower shield      |       |    77 |   126 |   287 |       |       |       ||   490
       Kite shield       |       |       |       |   149 |  1100 |  1248 |   108 ||  2605
       Reflection        |       |       |       |       |    22 |    60 |     7 ||    89

Table legend: (Time is in decaauts)
 A = Elapsed time spent in this place.
 B = Non-inter-level travel time spent in this place.
 C = Inter-level travel time spent in this place.
 D = Time resting spent in this place.
 E = Time spent auto-exploring this place.
 F = Levels seen in this place.
 G = Mean time per level.
                   A        B        C        D        E       F      G
               +--------+--------+--------+--------+--------+-----+--------+
         Total |  48680 |  41539 |   7141 |   4885 |  25835 |  40 | 1217.0 |
       Dungeon |  18279 |  14444 |   3835 |   1016 |  10003 |  15 | 1218.6 |
        Temple |    338 |    281 |     57 |      0 |    258 |   1 |  338.0 |
          Lair |   9449 |   7215 |   2234 |   1170 |   4605 |   6 | 1574.8 |
         Swamp |   3970 |   3798 |    172 |    260 |   2545 |   4 |  992.5 |
     Snake Pit |   4979 |   4425 |    554 |    179 |   2866 |   4 | 1244.8 |
  Orcish Mines |   2410 |   2282 |    128 |    226 |   1474 |   2 | 1205.0 |
        Vaults |   6096 |   5938 |    158 |   1079 |   3505 |   4 | 1524.0 |
        Bailey |    807 |    807 |      0 |     52 |    221 |   1 |  807.0 |
      Ice Cave |   1618 |   1618 |      0 |    801 |    323 |   1 | 1618.0 |
       Volcano |    279 |    279 |      0 |      0 |     33 |   1 |  279.0 |
      Gauntlet |    450 |    450 |      0 |    102 |      0 |   1 |  450.0 |
               +--------+--------+--------+--------+--------+-----+--------+

Top non-repeatable levels by time:
  Lair:4: 3262 daAuts
Vaults:3: 2569 daAuts
     D:9: 1957 daAuts
Vaults:2: 1784 daAuts
    D:14: 1698 daAuts
   IceCv: 1618 daAuts
   Orc:2: 1515 daAuts
Vaults:1: 1496 daAuts
     D:8: 1494 daAuts
     D:6: 1455 daAuts
    D:13: 1441 daAuts
  Lair:1: 1412 daAuts
 Snake:4: 1390 daAuts
  Lair:6: 1389 daAuts
  Lair:2: 1372 daAuts
